Map: Blackpink LE

Players

SpeCial

  • Race: Terran Terran
  • Spawn Location: 7:00

Bunny - Winner!

  • Race: Terran Terran
  • Spawn Location: 1:00

Event: IEM Season 12 - Katowice

VOD

Have the link to the VOD?

Description

Time

  • Played on: Feb. 27, 2018, 10:06 a.m.
  • Length: 26:28

All games in this series

Show
View Real Time Build Order
Export as new Build Order

SpeCial Terran 

Build Orders: Gas First Reaper Expand, Reaper Expand 

Get SALT Encoding   

  12  0:00  SCV  
  13  0:13  SCV  
  14  0:17  Supply Depot  
  14  0:25  SCV  
  14  0:28  Refinery  
  15  0:39  SCV  
  16  0:44  Barracks  
  16  0:51  SCV  
  17  1:03  SCV  
  18  1:15  SCV  
  19  1:32  Reaper, Orbital Command  
  20  1:48  Command Center  
  20  1:56  Factory  
  20  2:00  SCV  
  21  2:05  Barracks Reactor  
  21  2:12  Supply Depot  
  21  2:14  SCV  
  22  2:19  Refinery  
  22  2:26  SCV  
  23  2:38  SCV  
  24  2:46  Starport  
  24  2:47  Hellion  
  24  2:48  Hellion  
  28  2:51  SCV  
  29  3:03  SCV  
  27  3:16  SCV  
  27  3:17  Orbital Command  
  30  3:20  Hellion  
  30  3:27  Hellion  
  30  3:28  SCV  
  30  3:33  Barracks Tech Lab  
  33  3:35  Medivac  
  33  3:40  SCV  
  36  3:43  SCV  
  37  3:52  SCV  
  37  3:55  Cyclone, SCV  
  42  3:59  Cyclone  
  45  4:03  Supply Depot  
  45  4:04  SCV  
  46  4:14  Supply Depot  
  46  4:25  SCV x2  
  51  4:37  SCV x2  
  51  4:38  Command Center  
  49  4:46  Cyclone x2  
  49  4:49  SCV x2  
  57  4:54  Refinery  
  57  4:57  Refinery  
  57  5:01  SCV x2, Raven  
  57  5:05  Supply Depot  
  61  5:13  SCV  
  62  5:27  Cyclone, SCV x2  
  61  5:39  SCV x2  
  59  5:44  Supply Depot  
  59  5:45  Cyclone  
  59  5:49  Orbital Command  
  62  5:51  SCV x2  
  62  5:53  Command Center  
  64  5:59  Cyclone  
  64  6:03  SCV x2  
  69  6:08  Barracks Reactor  
  69  6:10  Orbital Command, Factory  
  68  6:15  SCV x2  
  68  6:17  Cyclone  
  73  6:23  Supply Depot  
  73  6:27  SCV x2  
  73  6:29  Armory  
  73  6:31  Cyclone  
  78  6:39  SCV x2  
  80  6:40  SCV  
  80  6:41  Armory  
  80  6:44  Engineering Bay  
  81  6:50  Cyclone  
  81  6:51  SCV x2  
  81  6:52  SCV  
  87  6:58  Viking  
  89  7:04  Supply Depot, SCV x3  
  89  7:07  Cyclone  
  95  7:08  Barracks Reactor  
  95  7:12  Refinery  
  95  7:13  Orbital Command, Refinery  
  95  7:16  Cyclone, SCV x3  
  101  7:24  Terran Vehicle Weapons Level 1  
  101  7:28  SCV  
  102  7:33  Terran Vehicle And Ship Armor Level 1  
  102  7:34  Missile Turret  
  102  7:38  SCV x2  
  102  7:40  Cyclone  
  104  7:46  Cyclone  
  104  7:48  SCV  
  104  7:50  SCV, Orbital Command  
  109  7:51  Cyclone  
  109  7:52  Supply Depot  
  112  7:59  SCV  
  112  8:00  SCV  
  112  8:03  Cyclone  
  117  8:06  SCV  
  117  8:11  SCV  
  117  8:12  Cyclone  
  122  8:17  SCV  
  122  8:18  Supply Depot  
  122  8:19  Supply Depot  
  123  8:26  Cyclone x2  
  114  8:27  SCV  
  100  8:35  Cyclone  
  100  8:36  SCV x3  
  100  8:39  SCV  
  104  8:44  Cyclone  
  104  8:48  SCV x2  
  106  8:49  SCV  
  106  8:50  Viking x2  
  106  8:51  SCV  
  106  8:53  Starport  
  106  8:54  Orbital Command, Starport  
  112  9:00  SCV x2  
  112  9:01  SCV  
  115  9:03  SCV  
  115  9:06  Barracks Reactor  
  116  9:10  Hellion x3  
  116  9:12  Supply Depot  
  116  9:13  Supply Depot, SCV x2, Factory  
  116  9:16  SCV  
  116  9:17  Refinery  
  125  9:18  Missile Turret, Refinery  
  125  9:20  Viking  
  125  9:22  Hellion  
  129  9:25  SCV  
  129  9:27  Viking  
  132  9:31  Cyclone x2, Hellion, Command Center  
  132  9:32  SCV  
  132  9:33  SCV  
  132  9:38  SCV  
  139  9:41  Terran Vehicle Weapons Level 2  
  139  9:43  SCV  
  139  9:44  SCV  
  139  9:45  SCV  
  142  9:48  Hellion  
  142  9:50  Viking  
  145  9:53  Hellion  
  133  10:02  Viking  
  133  10:03  Cyclone x2, Starport Tech Lab  
  133  10:06  SCV x3  
  132  10:09  Cyclone  
  132  10:12  Infernal Pre-Igniter, Siege Tank  
  135  10:19  Fusion Core  
  138  10:24  Liberator  
  135  10:29  Hellion  
  135  10:31  Liberator  
  135  10:33  Terran Vehicle And Ship Armor Level 2  
  139  10:35  Cyclone  
  136  10:43  SCV x4  
  141  10:54  Hellion  
  141  10:55  Hellion x3, SCV x4  
  141  10:56  Orbital Command  
  153  10:58  Refinery  
  153  10:59  Refinery  
  153  11:07  Cyclone, Viking x2, SCV x3  
  153  11:08  Viking  
  161  11:15  Cyclone  
  161  11:16  Hellion  
  166  11:18  Advanced Ballistics  
  166  11:20  Hellion x2, Liberator  
  170  11:30  Viking  
  170  11:31  Viking  
  166  11:37  Viking, Hellion  
  175  11:40  Hellion  
  175  11:41  Cyclone  
  178  11:47  Liberator  
  178  11:50  Supply Depot x2, Liberator  
  178  11:51  Supply Depot  
  178  11:52  Supply Depot  
  178  12:02  Cyclone  
  178  12:04  Viking, Hellion  
  178  12:06  Cyclone x2  
  178  12:07  Liberator  
  168  12:14  Hellion  
  162  12:16  Liberator  
  162  12:23  Liberator  
  162  12:25  Cyclone  
  167  12:34  Cyclone  
  167  12:35  Hellion, Liberator  
  175  12:38  Hellion x2  
  173  12:46  Liberator  
  173  12:57  Hellion  
  173  12:58  Hellion  
  180  12:59  Cyclone  
  180  13:00  Cyclone  
  186  13:06  Cyclone, Liberator  
  186  13:12  Smart Servos  
  188  13:18  Cyclone, Liberator  
  191  13:26  Liberator  
  192  13:41  Command Center  
  192  13:43  Viking, Liberator  
  192  13:44  Missile Turret  
  192  13:48  Cyclone  
  191  13:50  Hellion  
  191  13:53  Cyclone, Command Center  
  184  14:04  Hellion x2  
  180  14:11  Cyclone  
  180  14:15  Liberator  
  180  14:16  Liberator  
  183  14:17  Supply Depot  
  183  14:20  Cyclone  
  186  14:26  Cyclone, Hellion x2  
  199  14:45  Terran Vehicle And Ship Armor Level 3  
  199  14:55  Orbital Command, Starport  
  168  15:08  Cyclone x2  
  168  15:11  Cyclone  
  142  15:15  Cyclone, Hellion  
  140  15:26  Refinery  
  140  15:27  Refinery  
  140  15:32  Viking x2  
  127  15:37  Hellion  
  127  15:40  Cyclone, Hellion  
  127  15:41  Viking  
  115  15:43  Hellion  
  115  15:47  Hellion  
  115  15:48  Orbital Command  
  114  15:57  Viking x2  
  114  15:58  Cyclone  
  114  16:02  Command Center  
  121  16:05  Command Center  
  121  16:06  Viking x2  
  121  16:07  Cyclone  
  121  16:10  Viking  
  130  16:16  Viking  
  129  16:26  Orbital Command  
  129  16:27  Cyclone x2  
  131  16:37  Cyclone  
  131  16:38  Hellion  
  131  16:39  Hellion  
  138  16:59  Hellion  
  140  17:03  Cyclone x2  
  140  17:04  Hellion  
  140  17:08  Viking  
  138  17:09  Hellion  
  139  17:16  Missile Turret  
  139  17:20  Hellion  
  141  17:24  Refinery  
  141  17:25  Hellion  
  141  17:26  Refinery  
  141  17:29  Command Center  
  143  17:31  Hellion  
  143  17:35  Hellion x2  
  149  17:39  Viking x2  
  149  17:42  Hellion  
  154  17:46  Hellion  
  156  17:52  Hellion  
  156  17:57  Hellion x2  
  162  18:03  Hellion  
  162  18:05  Hellion x6  
  164  18:08  Hellion  
  153  18:13  Cyclone  
  153  18:15  Viking x2  
  153  18:18  Cyclone, Hellion  
  143  18:25  Hellion  
  143  18:29  Cyclone  
  146  18:39  Cyclone  
  149  18:45  Cyclone, Viking x2  
  149  18:46  Cyclone  
  153  18:50  Hellion  
  155  18:56  Planetary Fortress  
  155  18:58  Viking  
  155  19:01  Cyclone  
  157  19:07  Viking x2  
  157  19:11  Cyclone  
  157  19:12  Hellion  
  155  19:18  Cyclone, Hellion  
  155  19:20  Viking  
  154  19:33  Cyclone  
  150  19:41  Cyclone  
  118  19:54  Cyclone, Hellion  
  118  19:55  Orbital Command  
  118  19:57  Cyclone  
  122  20:14  Hellion  
  119  20:21  Orbital Command  
  119  20:26  Liberator  
  106  21:01  Orbital Command  
  90  21:10  Factory  
  78  21:13  Factory  
  57  21:33  SCV x2  
  59  21:42  Barracks  
  59  21:45  SCV x2  
  61  21:48  SCV  
  62  21:54  Cyclone, Liberator  
  62  21:55  Orbital Command  
  62  21:56  Cyclone  
  62  21:57  SCV x2  
  62  22:00  SCV  
  71  22:09  SCV  
  71  22:10  SCV  
  71  22:13  SCV  
  77  22:22  SCV x2  
  79  22:26  SCV  
  79  22:27  SCV  
  85  22:34  SCV  
  81  22:38  SCV  
  80  22:58  Starport Tech Lab  
  61  23:16  Cloaking Field  
  45  23:29  Supply Depot  
  40  23:50  Banshee  
  43  23:58  Supply Depot  
  31  24:58  Banshee  
Show
View Real Time Build Order
Export as new Build Order

Bunny Terran - Winner!

Build Orders: Reaper Expand, Mech 

Get SALT Encoding   

  12  0:00  SCV  
  13  0:12  SCV  
  14  0:17  Supply Depot  
  14  0:24  SCV  
  15  0:39  SCV  
  15  0:40  Barracks  
  16  0:44  Refinery  
  16  0:51  SCV  
  17  1:03  SCV  
  18  1:15  SCV  
  19  1:27  Reaper, Orbital Command  
  20  1:42  Command Center  
  21  1:54  SCV  
  21  1:59  Reaper  
  22  2:03  Supply Depot  
  22  2:06  SCV, Refinery  
  23  2:24  Factory  
  23  2:25  SCV  
  24  2:37  Barracks Reactor, SCV  
  25  2:49  SCV  
  26  2:56  Orbital Command  
  26  3:01  SCV  
  26  3:03  Orbital Command  
  27  3:17  SCV  
  26  3:20  Cyclone  
  26  3:21  Cyclone  
  32  3:29  SCV  
  32  3:32  Supply Depot  
  32  3:33  SCV  
  34  3:35  Command Center  
  34  3:41  SCV  
  35  3:46  SCV  
  36  3:53  Cyclone  
  39  3:57  SCV  
  39  3:58  SCV  
  39  4:00  Cyclone  
  44  4:05  Refinery  
  44  4:07  Refinery  
  44  4:09  SCV  
  45  4:10  SCV  
  45  4:15  Supply Depot  
  46  4:21  SCV  
  46  4:22  SCV  
  48  4:27  Engineering Bay  
  48  4:31  Cyclone  
  51  4:33  SCV  
  51  4:34  SCV  
  51  4:36  Cyclone  
  56  4:39  Supply Depot  
  54  4:47  SCV x2  
  54  4:49  Orbital Command  
  55  4:57  Missile Turret  
  55  5:00  Missile Turret  
  55  5:03  SCV x2  
  57  5:15  SCV  
  57  5:16  SCV  
  57  5:20  SCV  
  57  5:21  Factory  
  60  5:23  Factory Tech Lab  
  60  5:27  SCV  
  58  5:34  SCV x2  
  57  5:39  SCV  
  49  5:42  Orbital Command  
  56  5:45  Starport  
  56  5:46  SCV  
  57  5:51  Barracks Reactor, SCV  
  57  5:54  Siege Tank  
  61  5:58  SCV  
  61  6:03  SCV  
  63  6:04  Armory  
  63  6:08  Hellion  
  63  6:11  SCV  
  66  6:13  SCV  
  66  6:14  Hellion  
  66  6:15  SCV  
  66  6:18  Supply Depot  
  70  6:25  SCV  
  70  6:26  SCV, Siege Tank  
  70  6:27  SCV  
  70  6:29  Supply Depot  
  76  6:35  Viking  
  76  6:37  Viking  
  77  6:40  Hellion x2  
  77  6:41  SCV  
  77  6:42  SCV x2  
  84  6:47  Supply Depot  
  84  6:54  SCV x3, Terran Vehicle Weapons Level 1  
  86  6:59  Siege Tank  
  90  7:01  Hellion x2  
  90  7:05  Viking  
  90  7:07  Viking  
  98  7:13  SCV x3  
  99  7:20  Factory, Refinery  
  99  7:27  Hellion x2  
  99  7:29  SCV x3  
  106  7:32  Supply Depot  
  106  7:34  Refinery  
  106  7:37  Siege Tank  
  109  7:51  Supply Depot  
  109  7:53  Viking x2  
  109  7:54  Hellion x2  
  109  7:55  Supply Depot, SCV x3  
  109  7:57  Supply Depot  
  120  8:04  Factory Tech Lab  
  120  8:09  Supply Depot, SCV x2, Factory  
  120  8:10  SCV, Factory  
  123  8:16  Siege Tank  
  123  8:18  Hellion  
  128  8:25  Siege Tank  
  113  8:28  Hellion  
  99  8:35  Viking x2  
  99  8:38  Armory  
  99  8:39  Hellion  
  105  8:48  Siege Tank  
  101  8:50  Hellbat  
  101  8:53  Factory Tech Lab, Liberator  
  101  8:54  Factory Reactor, Liberator  
  97  8:57  Siege Tank  
  97  8:59  Terran Vehicle Weapons Level 2  
  97  9:02  Infernal Pre-Igniter  
  100  9:03  Hellion  
  102  9:11  Hellion  
  102  9:16  Siege Tank  
  113  9:17  Supply Depot  
  113  9:23  Command Center  
  113  9:29  Siege Tank  
  116  9:35  Hellion x2  
  116  9:37  Hellion x2  
  120  9:39  Terran Vehicle And Ship Armor Level 1  
  120  9:42  Siege Tank  
  121  9:48  Siege Tank  
  119  9:53  Viking  
  104  10:01  Siege Tank  
  104  10:04  Hellion x2  
  101  10:11  Hellion x2  
  101  10:13  Viking  
  107  10:17  Siege Tank  
  107  10:20  Siege Tank  
  113  10:23  Viking  
  113  10:25  Hellion x2  
  119  10:32  Hellion  
  119  10:33  Hellion  
  117  10:39  Orbital Command  
  117  10:42  Siege Tank  
  120  10:43  Refinery  
  120  10:46  Hellion  
  120  10:47  Hellion  
  120  10:49  Siege Tank  
  121  10:50  Viking  
  121  10:52  Cyclone  
  121  10:53  Viking  
  121  10:54  Hellion x2  
  131  11:08  Cyclone  
  131  11:09  Cyclone  
  137  11:17  Refinery  
  137  11:20  Viking  
  137  11:23  Viking  
  137  11:24  Hellion x4  
  152  11:37  SCV x3  
  152  11:38  SCV  
  154  11:40  Cyclone  
  154  11:41  Cyclone  
  154  11:42  Command Center  
  154  11:43  Rapid Fire Launchers  
  157  11:48  Hellion  
  157  11:49  Hellion x3, SCV  
  157  11:50  Viking  
  157  11:52  Cyclone  
  157  11:53  Viking  
  173  11:56  SCV  
  169  12:01  SCV  
  141  12:08  SCV  
  141  12:09  Cyclone  
  141  12:10  Cyclone  
  141  12:11  Cyclone x2  
  141  12:12  Hellion  
  141  12:13  SCV  
  141  12:14  Hellion  
  155  12:24  Viking x2  
  155  12:25  Hellion  
  161  12:33  Cyclone  
  161  12:35  Cyclone  
  165  12:43  Cyclone x2  
  167  12:47  Starport  
  167  12:48  Starport  
  167  12:54  SCV x3  
  167  12:55  Missile Turret  
  167  12:56  SCV  
  171  13:05  Siege Tank x2  
  173  13:06  Viking x2, SCV  
  173  13:10  Orbital Command  
  175  13:13  Refinery  
  175  13:14  Terran Ship Weapons Level 1  
  173  13:27  Cyclone x2  
  173  13:28  Cyclone  
  173  13:29  Hellion x2  
  180  13:35  Viking  
  180  13:37  Hellion  
  176  13:42  Viking  
  176  13:45  Viking  
  156  13:54  Viking  
  144  14:03  Cyclone  
  144  14:05  SCV  
  144  14:12  SCV x3  
  147  14:18  Cyclone  
  147  14:19  Cyclone  
  153  14:25  Cyclone  
  153  14:28  Cyclone x2  
  153  14:30  Viking  
  164  14:34  Viking  
  164  14:37  SCV x3  
  164  14:38  SCV  
  170  14:40  Cyclone  
  169  14:49  Viking x2  
  172  15:07  Cyclone x2  
  155  15:10  Viking  
  155  15:11  Viking  
  155  15:12  Terran Ship Weapons Level 2  
  144  15:19  Viking  
  146  15:24  Viking  
  148  15:31  Refinery  
  127  15:39  Cyclone x2  
  127  15:40  Viking  
  127  15:41  Cyclone  
  123  15:44  SCV  
  123  15:45  SCV x3  
  123  15:49  Siege Tank  
  130  15:54  Siege Tank  
  130  15:55  Siege Tank  
  136  16:00  Hellion  
  138  16:05  SCV  
  139  16:18  SCV  
  140  16:19  Cyclone x2  
  140  16:21  Siege Tank  
  140  16:23  Terran Vehicle Weapons Level 3  
  149  16:26  Siege Tank  
  149  16:29  Hellion x2  
  150  16:34  Hellion  
  151  16:42  SCV x2  
  153  16:50  Hellion  
  153  16:53  Siege Tank  
  153  16:56  Siege Tank  
  153  16:57  Hellion x3  
  153  17:09  Cyclone  
  153  17:10  Liberator  
  153  17:11  SCV  
  153  17:12  SCV x2  
  159  17:18  Hellion  
  159  17:19  Viking  
  159  17:20  Viking  
  163  17:26  Siege Tank  
  163  17:28  Terran Vehicle And Ship Armor Level 2, Siege Tank  
  169  17:36  Cyclone x2  
  175  17:40  Cyclone, Viking  
  175  17:41  Siege Tank  
  183  17:57  Cyclone  
  183  17:58  Cyclone  
  189  18:00  Cyclone  
  156  18:15  Hellion, Siege Tank  
  156  18:16  Hellion  
  128  18:25  Cyclone  
  131  18:29  Cyclone  
  131  18:30  Siege Tank  
  131  18:32  Siege Tank  
  131  18:33  SCV  
  141  18:36  Cyclone  
  125  18:44  Cyclone  
  121  18:52  Cyclone  
  124  18:58  Hellion  
  124  19:01  Hellion  
  124  19:02  Hellion  
  130  19:05  Hellion  
  130  19:09  Hellion  
  125  19:23  Siege Tank  
  115  19:25  Siege Tank  
  115  19:26  Siege Tank  
  92  19:57  Hellion x2  
  92  19:59  Hellion x5  
  106  20:02  SCV x4  
  108  20:35  Cyclone  
  108  20:38  Hellion  
  76  21:35  Orbital Command  
  76  22:51  Hellion x7  
  76  23:01  Hellion  
  76  23:02  Hellion  
  74  23:31  Orbital Command  
  57  25:53  Supply Depot  

Tags
 
Add a new tag
Caveats
  • Supply blocks, unpowered buildings, or Contaminate may cause inaccurate times.
  • Supply counts are checked every 10 seconds.